Cogmind - Beta 14 --- EXPLORER MODE // 2024.10.09 @ 16:34:22 Player: Requit Result: Destroyed by Y-45 Defender with Heavy Assault Rifle Performance ------------- Evolutions (2) 1000 Regions Visited (4) 800 Robots Destroyed (38) 190 Value Destroyed (1379) 1379 Prototype IDs (0) 0 Alien Tech Used (0) 0 Bonus (0) 0 TOTAL SCORE: 3369 Bonus ------- None Cogmind --------- Core Integrity 0/550 Matter 300/300 Energy 100/100 System Corruption 0% Temperature Cool (9) Movement Core (350) Ox6 Location -8/Storage Parts ------- > --- POWER (3) -------- (None) > --- PROPULSION (3) --- (None) > --- UTILITY (3) ------ Large Storage Unit Visual Processing Unit > --- WEAPON (3) ------- (None) > --- INVENTORY (15) --- Heat Sink Signal Interpreter Peak State ------------ > --- POWER ------------ Improved Ion Engine Improved Ion Engine Nuclear Core > --- PROPULSION ------- Light Treads Light Treads Improved Treads > --- UTILITY ---------- Large Storage Unit Visual Processing Unit > --- WEAPON ----------- Assault Rifle Assault Rifle Heavy Assault Rifle > --- INVENTORY -------- Light Treads Signal Interpreter EM Pulse Gun Beam Rifle Assault Rifle Light Cannon [Rating: 18] Favorites ----------- Power Improved Ion Engine Engine Improved Ion Engine Power Core Nuclear Core Propulsion Light Treads Treads Light Treads Utility Visual Processing Unit Storage Medium Storage Unit Processor Visual Processing Unit Weapon Assault Rifle Energy Gun Beam Rifle Ballistic Gun Assault Rifle Ballistic Cannon Light Cannon Build | -11 -10 -9 -8 -8 ------- Run | Yrd Mat Mat Mat Sto Slots Evolved 5 | . 1 2 2 . Power 2 | . 1 . 1 . Propulsion 1 | . . . 1 . Utility 1 | . . 1 . . Weapon 1 | . . 1 . . Parts Attached 26 | 7 4 6 4 5 Power 6 | 1 1 3 1 . Engine 5 | 1 1 3 . . Core 1 | . . . 1 . Reactor . | . . . . . Propulsion 4 | 2 . . 2 . Treads 4 | 2 . . 2 . Leg . | . . . . . Wheel . | . . . . . Hover . | . . . . . Flight . | . . . . . Utility 4 | 2 1 1 . . Device . | . . . . . Storage 2 | 1 . 1 . . Processor 2 | 1 1 . . . Hackware . | . . . . . Protection . | . . . . . Artifact . | . . . . . Weapon 12 | 2 2 2 1 5 Energy Gun 4 | 1 . . . 3 Energy Cannon . | . . . . . Ballistic Gun 6 | 1 1 2 1 1 Ballistic Cannon 2 | . 1 . . 1 Launcher . | . . . . . Special Weapon . | . . . . . Impact Weapon . | . . . . . Slashing Weapon . | . . . . . Piercing Weapon . | . . . . . Special Melee Weapon . | . . . . . Unidentified Prototypes . | . . . . . Parts Lost 13 | . . . 1 12 Power 3 | . . . . 3 Propulsion 2 | . . . . 2 Utility . | . . . . . Weapon 8 | . . . 1 7 Highest Loss Streak 10 | . . . 1 10 To Critical Strikes 1 | . . . 1 . Average Slot Usage (%) 71 | . 99 86 87 32 Engine 14 | . 24 19 16 2 Core 1 | . . . 6 1 Treads 15 | . 25 20 23 2 Storage 9 | . 12 10 8 8 Processor 9 | . 12 10 8 8 Energy Gun 2 | . 4 . . 6 Ballistic Gun 17 | . 16 26 24 2 Peak Build Rating 18 | 7 9 14 18 16 Average Rating 10 | 5 8 11 16 6 On Entrance 8 | . 7 8 13 16 Naked Turns . | . . . . . Heaviest Build 48 | 19 25 41 48 45 Greatest Support 63 | 40 40 40 63 63 Greatest Overweight (x) 8 | . . 1 1 8 Average Overweight (x) . | . . . . 5 Largest Inventory Capacity 15 | 10 10 15 15 15 Average Capacity 12 | 9 10 10 15 15 Most Carried 9 | 5 8 9 8 5 Average Carried 4 | 2 4 6 5 2 Final Capacity 15 | 10 10 15 15 15 Final Carried 6 | 4 6 6 5 2 Class Distribution -------------------- 59% | Hacker-Mutant 40% | Hacker-Skirmisher Dominant Class ---------------- Hacker-Mutant | -10/Materials Hacker-Skirmisher | -9/Materials Hacker-Skirmisher | -8/Materials Hacker-Mutant | -8/Storage Resources | -11 -10 -9 -8 -8 ----------- Run | Yrd Mat Mat Mat Sto Matter Collected 1057 | 209 118 277 104 349 Remotely . | . . . . . Salvage Created 1534 | . 247 414 340 533 Parts 86 | . 12 28 15 31 Haulers Intercepted . | . . . . . Recyclers Shooed 2 | . . . 2 . Parts Field Recycled . | . . . . . Retrieved Matter . | . . . . . Parts Self-Destructed . | . . . . . Prevented . | . . . . . Kills | -11 -10 -9 -8 -8 ------- Run | Yrd Mat Mat Mat Sto Combat Hostiles Destroyed 32 | . 6 7 8 11 Melee 1 | . . . 1 . Guns 27 | . 3 7 7 10 Cannons 4 | . 3 . . 1 Classes Destroyed 7 | . 2 3 2 . Worker 1 | . . 1 . . Builder 1 | . . 1 . . Watcher 4 | . 2 2 . . Swarmer 2 | . . . 2 . Grunt 18 | . 6 5 2 5 Sentry 10 | . . 2 2 6 Hunter 2 | . . . 2 . Best Kill Streak 7 | . 3 7 3 6 Combat Bots Only 6 | . 2 4 3 6 Max Kills in Single Turn 2 | . 1 2 1 1 Gunslinging 1 | . . 1 . . Exploded . | . . . . . Melee 1 | . . . 1 . Uniques/NPCs Destroyed . | . . . . . Combat | -11 -10 -9 -8 -8 -------- Run | Yrd Mat Mat Mat Sto Hostile Shots Fired 339 | . 29 22 95 193 Missed 92 | . 12 7 23 50 Damage Taken 2170 | . 148 131 565 1326 Core 592 | . 34 . 38 520 Absorbed by Shields . | . . . . . Ignored by Resistances 1327 | . 87 81 355 804 Core Remaining (%) 95 | 100 86 100 . . Volleys Fired 112 | . 26 21 30 35 Largest 3 | . 2 3 3 3 Hottest 131 | . 60 63 63 131 Shots Fired 242 | . 52 61 82 47 Gun 221 | . 39 61 82 39 Cannon 21 | . 13 . . 8 Launcher . | . . . . . Special . | . . . . . Kinetic 211 | . 51 61 82 17 Thermal 26 | . . . . 26 Explosive . | . . . . . Electromagnetic 5 | . 1 . . 4 Robot Hit Streak 21 | . 15 13 21 16 Robot Miss Streak 4 | . 1 1 4 1 Penetration Max . | . . . . . Secondary Targets 3 | . . 2 1 . Max Gunslinging Chain 1 | . . 1 1 . Shots Hit Robots 176 | . 34 42 61 39 Core Hits 80 | . 15 17 26 22 Critical Kills . | . . . . . Critical Parts Destroyed 1 | . . . 1 . Critical Strikes 4 | . 1 . 1 2 Burn 2 | . . . . 2 Destroy 1 | . . . 1 . Blast 1 | . 1 . . . Melee Attacks . | . . . . . Impact . | . . . . . Slashing . | . . . . . Piercing . | . . . . . Sneak Attacks . | . . . . . Combat Hostiles . | . . . . . Follow-up Attacks . | . . . . . Damage Inflicted 2561 | . 534 644 807 576 Guns 2160 | . 323 637 769 431 Cannons 356 | . 211 . . 145 Explosions . | . . . . . Melee . | . . . . . Ramming 45 | . . 7 38 . Kinetic 2159 | . 510 637 769 243 Thermal 320 | . . . . 320 Explosive . | . . . . . Electromagnetic 37 | . 24 . . 13 Impact . | . . . . . Slashing . | . . . . . Piercing . | . . . . . Highest Corruption . | . . . . . Average Corruption . | . . . . . Corruption Purged . | . . . . . Corruption Blocked . | . . . . . Overload Shots . | . . . . . Overflow Damage 4 | . 4 . . . Projectiles 4 | . 4 . . . Explosions . | . . . . . Melee . | . . . . . Knockbacks 4 | . 3 . . 1 Impact . | . . . . . Kinetic 4 | . 3 . . 1 Secondary . | . . . . . Self-Inflicted Damage . | . . . . . Shots . | . . . . . Rammed 2 | . . 1 1 . Targets Rammed 3 | . . 1 2 . Kicked . | . . . . . Crushed 1 | . . . 1 . Highest Temperature 414 | . 65 57 402 414 Average Temperature 83 | . 21 24 113 139 Received Heat Transfer 1512 | . 132 39 243 1098 Effects 6 | . . . 6 . Shutdowns 3 | . . . 3 . Energy Bleed 1 | . . . 1 . Interference 1 | . . . 1 . Matter Decay 1 | . . . 1 . Siege Activations . | . . . . . Robots Corrupted . | . . . . . Combat Hostiles . | . . . . . Parts Fried . | . . . . . Impact Corruptions . | . . . . . Robots Melted . | . . . . . Combat Hostiles . | . . . . . Parts Melted 2 | . . . . 2 Heat Transferred 962 | . . . . 962 Parts Sabotaged . | . . . . . Parts Stolen . | . . . . . Parts Stripped . | . . . . . Power Chain Reactions . | . . . . . Alert | -11 -10 -9 -8 -8 ------- Run | Yrd Mat Mat Mat Sto Peak Influence 333 | . 184 204 333 300 Initial 100 | . . 55 61 100 Average 107 | . 84 105 127 130 Maximum Alert Level 1 | . . 1 1 1 Low Security (%) 77 | 100 100 75 82 62 Level 1 22 | . . 25 17 37 Level 2 . | . . . . . Level 3 . | . . . . . Level 4 . | . . . . . Level 5 . | . . . . . High Security . | . . . . . Max Security . | . . . . . Squads Dispatched 8 | . . 2 1 5 Investigation 1 | . . 1 . . Extermination . | . . . . . Reinforcement 4 | . . 1 1 2 Assault . | . . . . . Garrison 3 | . . . . 3 Intercept . | . . . . . Searches Triggered . | . . . . . Construction Impeded . | . . . . . Haulers Reinforced . | . . . . . Active Scanning Responses . | . . . . . Cargo Convoy Interrupts . | . . . . . Stealth | -11 -10 -9 -8 -8 --------- Run | Yrd Mat Mat Mat Sto Distress Signals 2 | . . 1 . 1 Communications Jammed . | . . . . . Distress Signals . | . . . . . Times Spotted 54 | . 8 12 19 15 Peak Tracking Total 8 | . 3 3 5 8 Tactical Retreats 1 | . . . 1 . Traps | -11 -10 -9 -8 -8 ------- Run | Yrd Mat Mat Mat Sto Traps Triggered 1 | . . . . 1 Indirectly . | . . . . . Trap Hack Attempts . | . . . . . Triggered . | . . . . . Disarmed . | . . . . . Reprogrammed . | . . . . . Reused . | . . . . . Traps Extracted . | . . . . . Installed . | . . . . . Triggered . | . . . . . Machines | -11 -10 -9 -8 -8 ---------- Run | Yrd Mat Mat Mat Sto Machines Disabled . | . . . . . Max in Single Turn . | . . . . . Machines Repaired . | . . . . . Machines Dismantled . | . . . . . Machines Sabotaged . | . . . . . Overloaded Fab Kills . | . . . . . Hacking | -11 -10 -9 -8 -8 --------- Run | Yrd Mat Mat Mat Sto Machines Accessed 5 | . 2 3 . . Terminals 4 | . 1 3 . . Fabricators . | . . . . . Repair Stations 1 | . 1 . . . Recycling Units . | . . . . . Scanalyzers . | . . . . . Garrison Access . | . . . . . Total Hacks 17 | . 7 10 . . Successful 16 | . 6 10 . . Failed 1 | . 1 . . . Catastrophic . | . . . . . Database Lockouts . | . . . . . Manual . | . . . . . Terminals 15 | . 5 10 . . Fabricators . | . . . . . Repair Stations 2 | . 2 . . . Recycling Units . | . . . . . Scanalyzers . | . . . . . Garrison Access . | . . . . . Terminal Hacks 14 | . 4 10 . . Record 12 | . 4 8 . . Maintenance Status 1 | . . 1 . . Recall Reinforcements 1 | . . 1 . . Fabricator Hacks . | . . . . . Repair Station Hacks 2 | . 2 . . . Scan Component 1 | . 1 . . . Repair 1 | . 1 . . . Recycling Unit Hacks . | . . . . . Scanalyzer . | . . . . . Garrison Access Hacks . | . . . . . Unauthorized Hacks . | . . . . . Terminals . | . . . . . Fabricators . | . . . . . Repair Stations . | . . . . . Recycling Units . | . . . . . Scanalyzers . | . . . . . Garrison Access . | . . . . . Data Cores Recovered . | . . . . . Used . | . . . . . Hacking Detections 3 | . 1 2 . . Full Trace Events 1 | . . 1 . . Feedback Events . | . . . . . Feedback Blocked . | . . . . . Robot Schematics Acquired . | . . . . . Robots Built . | . . . . . Authchips . | . . . . . Time . | . . . . . Total Robot Build Rating . | . . . . . Part Schematics Acquired . | . . . . . Parts Built . | . . . . . Authchips . | . . . . . Time . | . . . . . Total Part Build Rating . | . . . . . Parts Repaired . | . . . . . Time 26 | . 26 . . . Parts Recycled . | . . . . . Recycled Matter . | . . . . . Retrieved Matter . | . . . . . Retrieved Components . | . . . . . Parts Scanalyzed . | . . . . . Part Schematics Acquired . | . . . . . Parts Damaged . | . . . . . Bothacking | -11 -10 -9 -8 -8 ------------ Run | Yrd Mat Mat Mat Sto Used RIF Installer . | . . . . . Robots Hacked . | . . . . . Non-combat . | . . . . . Combat . | . . . . . Robot Hacks Applied . | . . . . . Relay Couplers Released . | . . . . . Fabnet Peak Effective % . | . . . . . Robots Rewired . | . . . . . Allies Hacked . | . . . . . Hacks Repelled . | . . . . . Allies | -11 -10 -9 -8 -8 -------- Run | Yrd Mat Mat Mat Sto Total Allies . | . . . . . Largest Group . | . . . . . Highest-Rated Group . | . . . . . Highest-Rated Ally . | . . . . . Total Orders . | . . . . . Ally Attacks . | . . . . . Total Damage . | . . . . . Kills . | . . . . . Allies Corrupted . | . . . . . Allies Melted . | . . . . . Intel | -11 -10 -9 -8 -8 ------- Run | Yrd Mat Mat Mat Sto Robot Analysis Total . | . . . . . Derelict Logs Recovered . | . . . . . Drone Launches . | . . . . . Drone Recoveries . | . . . . . Exploration | -11 -10 -9 -8 -8 ------------- Run | Yrd Mat Mat Mat Sto Turns Passed 2151 | 137 270 752 356 636 Spaces Moved 923 | 92 115 413 144 159 Core 139 | 24 . . . 115 Treads 784 | 68 115 413 144 44 Legs . | . . . . . Wheels . | . . . . . Hover . | . . . . . Flight . | . . . . . Fastest Speed 50 | 50 160 160 160 160 Average Speed 192 | 131 160 161 174 346 Slowest Speed 450 | 160 160 240 240 450 Overloaded Moves . | . . . . . Propulsion Burnouts . | . . . . . Robots Hopped . | . . . . . Cave-ins Triggered . | . . . . . Exploration Rate (%) 22 | 6 26 39 17 25 Regions Visited 4 Branch Regions 1 Pre-discovered Areas . | . . . . . Known Exits Taken 4 | 1 1 1 1 . Unknown Exits Taken . | . . . . . Scrap Searched . | . . . . . Spaces Dug . | . . . . . Terrain Destroyed . | . . . . . Melee . | . . . . . Projectile . | . . . . . AOE . | . . . . . Terrain Rammed . | . . . . . Walls Destroyed . | . . . . . Machines Disabled . | . . . . . Actions | -11 -10 -9 -8 -8 --------- Run | Yrd Mat Mat Mat Sto Total 1093 | 108 150 452 182 201 Wait . | . . . . . Move 919 | 91 114 412 143 159 Hop . | . . . . . Pick Up 25 | 10 4 7 2 2 Fast Attach 1 | 1 . . . . Attach 19 | 6 3 3 2 5 Detach 2 | . 2 . . . Swap 6 | . 1 3 2 . Drop 6 | . . 5 1 . Fire 112 | . 26 21 30 35 Melee . | . . . . . Ram . | . . . . . Kick . | . . . . . Crush 3 | . . 1 2 . Escape Stasis . | . . . . . Rewire . | . . . . . Trap . | . . . . . Miscellaneous . | . . . . . Route ------- -11/Scrapyard -10/Materials -9/Materials -8/Materials -8/Storage History --------- Turn | Location | Event 2 | -11/Scrapyard | Met Revision 17 10 | -11/Scrapyard | Identified exit to Materials 10 | -11/Scrapyard | Discovered exit to Materials (range 15) 138 | -11/Scrapyard | Entered Materials 138 | -10/Materials | Evolved 1 slot: Power x1 309 | -10/Materials | Build established: Hacker-Mutant 325 | -10/Materials | Identified exit to Materials 325 | -10/Materials | Discovered exit to Materials (range 18) 408 | -10/Materials | Entered another Materials area 408 | -9/Materials | Evolved 2 slots: Utility x1, Weapon x1 933 | -9/Materials | Build established: Hacker-Skirmisher 1120 | -9/Materials | Identified exit to Materials 1120 | -9/Materials | Discovered exit to Materials (range 13) 1160 | -9/Materials | Entered another Materials area 1160 | -8/Materials | Evolved 2 slots: Power x1, Propulsion x1 1492 | -8/Materials | Identified exit to Storage 1492 | -8/Materials | Discovered exit to Storage (range 16) 1516 | -8/Materials | Entered Storage 1616 | -8/Storage | Garrison activated, responded to threat 1681 | -8/Storage | Core integrity fell below 50% 1698 | -8/Storage | Lost 10 parts (3p2n5w) 1782 | -8/Storage | Build established: Hacker-Mutant 2059 | -8/Storage | Core integrity fell below 20% 2152 | -8/Storage | Destroyed by Y-45 Defender with Heavy Assault Rifle Last Messages --------------- 01876_ R-06 Scavenger collects Heat Sink. 01878_ K-01 Serf collects debris. 01879_ R-06 Scavenger collects Lgt. Treads. 01882_ K-01 Serf collects debris. 01883_ R-06 Scavenger collects Imp. Ion Engine. 01889_ R-06 Scavenger collects Beam Rifle. 01892_ R-06 Scavenger collects Lgt. Treads. 02008_ Acquired 1 matter. 02053_ Critical hit (Burn: +37). 02076_ Heat Sink melted. 02076_ Y-45 Defender destroyed. 02077_ R-06 Scavenger collects Beam Rifle. 02081_ R-06 Scavenger collects Lgt. Armor Plating. 02118_ R-06 Scavenger collects Lgt. Treads. 02123_ Beam Rifle destroyed. 02138_ K-01 Serf collects debris. [Achievement: First Step to Greatness] The achievement interface (ESC then open Records) offers an effective way to explore all of your earned achievements as well as seek out new goals for future runs. Map ----- +----------------------------------------------------+ | ?????????????????????????????????????????????????? | | ?????????????????????????????????????????????????? | | ?????????????????????????????????????????????????? | | ?????????????????????????????????????????????????? | | ?????????????????????????????????????????????????? | | ?????????????????????????????????????????????????? | | ?????????????????????????????????????????????????? | | ?????????????????????????????????????????????????? | | ?????????????????????????????????????????????????? | | ?????????????????????????????????????????????????? | | ?????????????????????????????????????????????????? | | ?????????????????????????????????????????????????? | | ?????????????????????????????????????????????????? | | ?????????????????????????????????????????????????? | | ?????????????????????????????????????????????????? | | ?????????????????????????????????######??????????? | | ????????????????????????????###? #??????????? | | ???????????????????????????? #?"""" #??????###?? | | ????????????????????????????# #??""" ??????? #?? | | ?????????????????????######## #??""" ???????# #?? | | ?????????????????????# #???"" ????????# #?? | | ?????????????????????+ #??? ????##### #?? | | ?????????????????????# #####+###### # #?? | | ?????????????????????# k % # #?? | | ?????????????????????# ### # #?? | | ?????????????????????# @ #?## #?? | | ?????????????????# Y #??# ### | | ?????????????????# Y########+##### #??# | | ?????????????????##???????????????# #??#+##+### | | ??????????????????????????????????# #?????????? | | ??????????????????????????????????# #?????????? | | ??????????????????????????????????# #?????????? | | ??????????????????????????????????# ?????????? | | ??????????????????????????????????#######????????? | | ?????????????????????????????????????????????????? | | ?????????????????????????????????????????????????? | | ?????????????????????????????????????????????????? | | ?????????????????????????????????????????????????? | | ?????????????????????????????????????????????????? | | | | | | | | | | | | | | | | | | | | | | | +----------------------------------------------------+ Best States ------------- Heat Dissipation 31 Energy Generation 28 Energy Capacity 570 Matter Stores 300 Matter Capacity 300 Sight Range 18 Terrain Scan Density 10 Resistance: KI 35 Resistance: TH 35 Resistance: EX 35 Resistance: EM 35 Resistance: I 35 Resistance: S 35 Resistance: P 35 Evasion (%) 50 Recoil Reduction 3 Offensive Hacking 20 Item Schematics ----------------- None Robot Schematics ------------------ None Fabricated ------------ Nothing Alien Tech Used ----------------- None Achievements -------------- First Step to Greatness Librarian Oops Troublemaker Uninvited Guest Challenges ------------ None Game ------ Seed MicroMetaSabre Manual? 0 Play Time 00:26:55 Cumulative 0.6 hours Start 2024.10.09 @ 16:07:06 End 2024.10.09 @ 16:34:22 Sessions 1 Manual Loads 0 Difficulty Explorer Special Mode None Game No. 2 Rogue 0 Adventurer 0 Explorer 2 Win Type - Total 0 Types 0/0/0/0/0/0/0/0/0 Lore% 1 Gallery% 2 Achievement% 3 Wizard Run 0 Options --------- Layout 0 ASCII 0 Keyboard 0 Movement Mouse Keybinds 0 Fullscreen 1 Font 24/Smallcaps Map View 76x50 Zoom Use 0% Tactical HUD 1 Map Filters NONE Filters NONE Steam 1 RUN: 9c6f614e-3ff6-4d1c-9a65-cb5eda7bf353